 Dungeon Crawl Stone Soup version 0.30.1-11-g7821555f0a (webtiles) character file.

Game seed: 945841787759017839

10140 Jerry the Grappler (level 11, -10/109 HPs)
             Began as a Troll Gladiator on Dec 8, 2023.
             Was a Believer of Uskayaw.
             Mangled by Snorg (22 damage)
             ... on level 11 of the Dungeon on Dec 9, 2023.
             The game lasted 00:34:00 (9689 turns).

Jerry the Grappler (Troll Gladiator)                Turns: 9689, Time: 00:34:01

Health: -10/109    AC: 16    Str: 22    XL:     11   Next: 32%
Magic:  10/10      EV: 13    Int:  4    God:    Uskayaw [**....]
Gold:   1636       SH:  0    Dex: 15    Spells: 10/10 levels left

rFire   . .          .
                       - Unarmed
rCold   . . .        (no shield)
rNeg    + . .        j - +0 steam dragon scales
rPois   .            b - +1 hat
rElec   +            B - +0 cloak
rCorr   .            (gloves unavailable)
SInv    .            (boots unavailable)
Will    .....        (no amulet)
Stlth   +++          o - ring of positive energy
HPRegen 1.18/turn    w - ring of flight
MPRegen 0.12/turn

%: no passive effects
@: flying
A: large, unfitting armour, claws 3, regeneration 1, shaggy fur 2, tough skin 1,
iridescent scales 3, electricity resistance, weak 1
a: Renounce Religion, Stomp, Line Pass


You were on level 11 of the Dungeon.
You worshipped Uskayaw.
Uskayaw was noncommittal.
You visited 2 branches of the dungeon, and saw 12 of its levels.

You collected 1658 gold pieces.
You spent 22 gold pieces at shops.

Inventory:

Missiles
 c - 3 throwing nets
 d - 3 large rocks (quivered)
Armour
 b - a +1 hat (worn)
 j - +0 steam dragon scales (worn)
 B - a +0 cloak (worn)
Jewellery
 o - a ring of positive energy (left claw)
 w - a ring of flight (right claw)
Wands
 p - a wand of iceblast (24)
 t - a wand of flame (36)
 J - a wand of light (5)
Scrolls
 a - 2 scrolls of identify
 g - a scroll of enchant weapon
 k - 2 scrolls of teleportation
 n - 2 scrolls of vulnerability
 y - 3 scrolls of enchant armour
 C - a scroll of poison
 D - 3 scrolls of butterflies
 H - a scroll of silence
Potions
 e - 2 potions of brilliance
 f - a potion of invisibility
 h - 3 potions of might
 i - 2 potions of resistance
 l - a potion of berserk rage
 m - 6 potions of curing
 q - 2 potions of flight
 r - 6 potions of attraction
 u - 3 potions of heal wounds {unknown}
 v - a potion of ambrosia {unknown}
 x - 2 potions of haste {unknown}
 A - a potion of cancellation {unknown}
 F - a potion of lignification {unknown}


   Skills:
 + Level 7.1 Fighting
 - Level 4.3 Throwing
 + Level 7.4 Dodging
 + Level 4.2 Stealth
 + Level 8.9 Unarmed Combat
 + Level 5.2 Evocations


You had 10 spell levels left.
You didn't know any spells.
Your spell library contained the following spells:

 Spells                   Type           Power      Damage    Failure   Level
 Apportation              Tloc           0%         N/A       50%         1
 Necrotise                Necr           0%         1d4       50%         1
 Slow                     Hex            0%         N/A       50%         1
 Summon Small Mammal      Summ           0%         N/A       50%         1
 Cigotuvi's Dreadful Rot  Necr/Pois/Air  0%         N/A       65%         2
 Call Canine Familiar     Summ           0%         N/A       86%         3
 Confusing Touch          Hex            0%         N/A       86%         3
 Ignite Poison            Fire/Tmut/Pois 0%         N/A       86%         3
 Ozocubu's Armour         Ice            0%         N/A       86%         3
 Portal Projectile        Hex/Tloc       0%         N/A       86%         3
 Tukima's Dance           Hex            0%         N/A       86%         3
 Vampiric Draining        Necr           0%         2d6       86%         3
 Anguish                  Hex/Necr       0%         N/A       99%         4
 Cause Fear               Hex            0%         N/A       99%         4
 Leda's Liquefaction      Hex/Erth       0%         N/A       99%         4
 Passage of Golubria      Tloc           0%         N/A       99%         4
 Freezing Cloud           Conj/Ice/Air   0%         6-21      100%        5
 Yara's Violent Unravell  Hex/Tmut       0%         3d3       100%        5
 Enfeeble                 Hex            0%         N/A       100%        7
 Ozocubu's Refrigeration  Ice            0%         4d7       100%        7


Dungeon Overview and Level Annotations

Branches:
Dungeon (11/15)            Temple (1/1) D:6            Lair (0/5) D:11
    Orc (0/2) D:9

Altars:
Ashenzari
Cheibriados
Dithmenos
Elyvilon
Fedhas
Gozag
Hepliaklqana
Kikubaaqudgha
Makhleb
Nemelex Xobeh
Okawaru
Qazlal
Ru
Sif Muna
Trog
Uskayaw
Vehumet
Wu Jian
Xom
Yredelemnul
Zin
The Shining One

Shops:
D:1 ?   D:5 ?

Annotations:
D:10 1 transporter
D:11 Snorg
Temple 2 transporters


Innate Abilities, Weirdness & Mutations

You are too large for most types of armour.
You have claws for hands.
Your natural rate of healing is unusually fast.
You are covered in thick fur. (AC +2)
You have tough skin. (AC +1)
You are completely covered in iridescent scales. (AC +6)
You are resistant to electric shocks. (rElec)
You are weak. (Str -2)


Message History

Aim: Snorg (asleep, 98% to hit)
You throw a large rock. The large rock hits Snorg!!
Snorg shouts!
Snorg is moderately wounded.
Throw: 5 large rocks
Press: ? - help, Q - select action, (/) - cycle Shift-Dir - straight line, f/p - Snorg
Aim: Snorg (moderately wounded, 64% to hit)
You throw a large rock. The large rock hits Snorg!
Snorg is heavily wounded.
Snorg goes berserk!
You can now pass through a line of other dancers.
Throw: 4 large rocks
Press: ? - help, Q - select action, (/) - cycle Shift-Dir - straight line, f/p - Snorg
Aim: Snorg (heavily wounded, berserk, 64% to hit)
You throw a large rock. The large rock hits Snorg!
Snorg is heavily wounded.
Snorg misses you. Snorg closely misses you. Snorg completely misses you.
You closely miss Snorg.
Snorg is heavily wounded.
Snorg closely misses you. Snorg claws you! Snorg claws you.
Snorg barely misses you. Snorg claws you. Snorg claws you but does no damage.
You claw Snorg!
Snorg is heavily wounded.
Snorg bites you!! Snorg closely misses you. Snorg claws you but does no damage.
You are too injured to fight recklessly!
You are too injured to fight recklessly!
You scratch Snorg.
Snorg is heavily wounded.
Snorg barely misses you. Snorg claws you! Snorg claws you.
You barely miss Snorg. Your claw misses Snorg.
Snorg is heavily wounded.
Snorg bites you!! Snorg barely misses you. Snorg claws you but does no damage.
Snorg barely misses you. Snorg claws you!
* * * LOW HITPOINT WARNING * * *
Snorg claws you!
* * * LOW HITPOINT WARNING * * *
You closely miss Snorg.
Snorg is heavily wounded.
Snorg bites you!!
You die...

#..# #..# #..# #..# ..#
#..# #. #..# #..# ..#
#..# #. #..# #..# ^(#
#..# #. #..# #..# ..#
#..# #. #..# #..# (.#
#..# #. #..# #..# (.#
#..# #. #..#
#.>####T.#######(.####.
#..#
#.....@................
###..#
#........#######...###.
.....# #...####.# #...#
#. ####.# #...# .#
#...# #. #.# #...# #
#...# #. #.# #...#
#...# #. #.# #...#
#...# #. #.# #...#
#...# #. #.# #...# #.


You could see Snorg (berserk).

Vanquished Creatures
  A two-headed ogre (D:11)
  Erica (D:8)
  Pikel (D:8)
  A cyclops (D:9)
  A manticore (D:11)
  Psyche (D:8)
  A troll (D:10)
  A hornet (D:9)
  2 wyverns
  A shadow (D:7)
  9 yaks
  2 basilisks (D:11)
  2 steam dragons
  Edmund (D:6)
  2 acid dragons
  2 water moccasins
  2 ice beasts
  3 orc warriors
  2 sky beasts
  A swamp drake (D:9)
  2 black bears
  4 ogres
  3 lemures (D:8)
  9 centaurs
  2 kobold brigands (D:8)
  2 phantoms
  4 bullfrogs
  2 scorpions (D:6)
  9 wights
  6 killer bees
  3 electric eels (D:10)
  2 jellies
  2 hounds
  7 orc priests
  A gnoll bouda (D:5)
  Crazy Yiuf (D:7)
  A sleepcap (D:4)
  3 iguanas
  Natasha (twice) (D:4)
  6 orc wizards
  5 gnolls (D:5)
  4 adders
  A worm (D:5)
  28 orcs
  3 endoplasms
  A giant cockroach (D:1)
  4 goblins
  10 hobgoblins
  16 kobolds
  4 quokkas
  6 ball pythons
  5 bats
  2 frilled lizards (D:2)
  5 rats
202 creatures vanquished.

Vanquished Creatures (others)
  An orc (D:9)
1 creature vanquished.

Grand Total: 203 creatures vanquished

Notes
Turn   | Place    | Note
-------+----------+-------------------------------------------
     0 | D:1      | Jerry the Troll Gladiator began the quest for the Orb.
     0 | D:1      | Reached XP level 1. HP: 19/19 MP: 0/0
   527 | D:1      | Reached XP level 2. HP: 28/28 MP: 1/1
   823 | D:1      | Found Nuxixaurgh's Magic Scroll Shop.
   831 | D:1      | Bought a scroll of identify for 22 gold pieces
   935 | D:1      | Identified a scroll of acquirement
   935 | D:1      | Acquired 994 gold pieces
  1033 | D:2      | Reached XP level 3. HP: 21/35 MP: 2/2
  1491 | D:2      | You fall into a shaft and drop 2 floors!
  1580 | D:4      | Reached XP level 4. HP: 42/42 MP: 3/3
  1618 | D:4      | Noticed a black bear
  1729 | D:4      | Killed a black bear
  1730 | D:4      | Reached skill level 4 in Unarmed Combat
  1730 | D:4      | Reached XP level 5. HP: 50/50 MP: 4/4
  1742 | D:4      | Noticed a phantom
  1770 | D:3      | Killed a phantom
  1771 | D:3      | Reached XP level 6. HP: 50/59 MP: 5/5
  2915 | D:4      | Noticed Natasha
  2919 | D:4      | Killed Natasha
  3062 | D:4      | Found a glowing silver altar of Zin.
  3062 | D:4      | Noticed an angel
  3203 | D:4      | Noticed Natasha
  3207 | D:4      | Killed Natasha
  3339 | D:5      | Entered Level 5 of the Dungeon
  3456 | D:5      | Reached XP level 7. HP: 63/67 MP: 6/6
  3499 | D:5      | Reached skill level 5 in Unarmed Combat
  3643 | D:5      | Found The Oracle's Delphic Readings.
  3888 | D:5      | Found a sparkling altar of Nemelex Xobeh.
  3923 | D:5      | Found a broken altar of Ashenzari.
  4190 | D:6      | Found a staircase to the Ecumenical Temple.
  4199 | Temple   | Entered the Ecumenical Temple
  4199 | Temple   | Found a transporter.
  4199 | Temple   | Found a transporter.
  4224 | Temple   | Found a transporter.
  4224 | Temple   | Found a transporter.
  4251 | Temple   | Became a worshipper of Uskayaw the Reveller
  4288 | D:6      | Reached * piety under Uskayaw
  4334 | D:6      | Reached ** piety under Uskayaw
  4360 | D:6      | Reached XP level 8. HP: 78/78 MP: 7/7
  4543 | D:6      | Reached *** piety under Uskayaw
  4703 | D:6      | Noticed Edmund
  4716 | D:6      | Killed Edmund
  4717 | D:6      | Reached skill level 1 in Evocations
  4776 | D:6      | Found an ancient bone altar of Kikubaaqudgha.
  4999 | D:7      | Reached skill level 1 in Stealth
  5097 | D:7      | Found a runed translucent door.
  5098 | D:7      | Noticed Crazy Yiuf
  5104 | D:7      | Killed Crazy Yiuf
  5174 | D:7      | Reached skill level 6 in Unarmed Combat
  5205 | D:7      | Reached skill level 5 in Dodging
  5359 | D:7      | Reached XP level 9. HP: 80/87 MP: 8/8
  5360 | D:7      | Reached **** piety under Uskayaw
  5364 | D:7      | Reached ***** piety under Uskayaw
  5485 | D:7      | Reached skill level 5 in Fighting
  5853 | D:8      | Noticed Erica
  5865 | D:8      | Killed Erica
  5891 | D:8      | Reached skill level 7 in Unarmed Combat
  6367 | D:8      | Noticed Pikel
  6486 | D:8      | Noticed Psyche
  6494 | D:8      | Killed Psyche
  6589 | D:8      | Killed Pikel
  6590 | D:8      | Reached XP level 10. HP: 75/98 MP: 9/9
  6850 | D:9      | Noticed a cyclops
  6880 | D:9      | Killed a cyclops
  7734 | D:8      | Reached skill level 8 in Unarmed Combat
  7816 | D:9      | Found a shimmering blue altar of Sif Muna.
  7906 | D:9      | Paralysed by a hornet for 1 turns
  8186 | D:9      | Found a staircase to the Orcish Mines.
  8490 | D:9      | Gained mutation: You have a pair of small antennae on your
                  | head. [potion of mutation]
  8490 | D:9      | Gained mutation: You sometimes lose your temper in combat.
                  | [potion of mutation]
  8490 | D:9      | Gained mutation: You have sharp toenails. [potion of
                  | mutation]
  8491 | D:9      | Lost mutation: You have a pair of small antennae on your
                  | head. [potion of mutation]
  8491 | D:9      | Lost mutation: You have sharp toenails. [potion of
                  | mutation]
  8491 | D:9      | Lost mutation: You sometimes lose your temper in combat.
                  | [potion of mutation]
  8491 | D:9      | Gained mutation: You are partially covered in iridescent
                  | scales. (AC +2) [potion of mutation]
  8491 | D:9      | Gained mutation: Your spells are a little easier to cast,
                  | but a little less powerful. [potion of mutation]
  8491 | D:9      | Gained mutation: Your flesh is cold resistant. (rC+)
                  | [potion of mutation]
  8492 | D:9      | Lost mutation: Your spells are a little easier to cast, but
                  | a little less powerful. [potion of mutation]
  8492 | D:9      | Lost mutation: Your flesh is cold resistant. (rC+) [potion
                  | of mutation]
  8492 | D:9      | Lost mutation: You are partially covered in iridescent
                  | scales. (AC +2) [potion of mutation]
  8492 | D:9      | Gained mutation: You are covered in thick fur. (AC +2)
                  | [potion of mutation]
  8492 | D:9      | Gained mutation: You are resistant to electric shocks.
                  | (rElec) [potion of mutation]
  8492 | D:9      | Gained mutation: Your body sometimes deteriorates upon
                  | taking damage. [potion of mutation]
  8492 | D:9      | Gained mutation: You are partially covered in iridescent
                  | scales. (AC +2) [potion of mutation]
  8493 | D:9      | Lost mutation: You are covered in thick fur. (AC +2)
                  | [potion of mutation]
  8493 | D:9      | Lost mutation: Your body sometimes deteriorates upon taking
                  | damage. [potion of mutation]
  8493 | D:9      | Gained mutation: You are mostly covered in iridescent
                  | scales. (AC +4) [potion of mutation]
  8493 | D:9      | Gained mutation: You are weak. (Str -2) [potion of
                  | mutation]
  8493 | D:9      | Gained mutation: You are covered in thick fur. (AC +2)
                  | [potion of mutation]
  8493 | D:9      | Gained mutation: You are completely covered in iridescent
                  | scales. (AC +6) [potion of mutation]
  8524 | D:10     | Entered Level 10 of the Dungeon
  8938 | D:10     | Reached XP level 11. HP: 107/107 MP: 10/10
  9164 | D:10     | Found a transporter.
  9423 | D:11     | Noticed a two-headed ogre
  9430 | D:11     | Killed a two-headed ogre
  9431 | D:11     | Reached skill level 5 in Evocations
  9477 | D:11     | Found a staircase to the Lair.
  9681 | D:11     | Noticed Snorg
  9689 | D:11     | Mangled by Snorg

Illustrated notes

Levels and vault maps discovered:
D:1:      minmay_arrival_diagonal_passages, layout_basic, serial_shops,
          nicolae_shop_crystal, chequers_serial_rivers_large_b
D:2:      wander_river, layout_loops_corners, grunt_ministairs_14,
          minmay_door_square
D:3:      layout_loops_ring
D:4:      layout_basic, zin_angel, uniq_natasha
D:5:      layout_loops_ring, mainiacjoe_overflow_chevrons,
          nemelex_dance_club_becter, nicolae_nh_oracle_at_delphi
D:6:      layout_loops_ring, mainiacjoe_overflow_tiny_flanked,
          minmay_temple_entry_gardened_gates, nrook_mini_backslash, uniq_edmund
D:7:      layout_basic, dk_noncrumbling_2, uniq_crazy_yiuf_cottage
D:8:      layout_loops_cross, uniq_erica, uniq_pikel, uniq_psyche
D:9:      layout_irregular_city, nicolae_sif_muna_little_library, erik_orc_1
D:10:     layout_basic, hangedman_decor_riveting, nicolae_diode_basic
D:11:     layout_long_grid, david_lair_generic, uniq_snorg
Temple:   hellmonk_temple_divided_pantheon

Skill      XL: |  1  2  3  4  5  6  7  8  9 10 11 |
---------------+----------------------------------+-----
Throwing       | 2 3 4 |  4.3
Fighting       | 2 3 4 5 6 7 |  7.1
Dodging        | 3 4 5 6 7 |  7.4
Unarmed Combat | 4 5 6 7 8 |  8.9
Evocations     | 2 3 4 5 |  5.2
Stealth        | 1 3 4 |  4.2

Action                     |  1- 3 |  4- 6 |  7- 9 | 10-12 || total
---------------------------+-------+-------+-------+-------++-------
  Melee: Unarmed           |    90 |    93 |   253 |   275 ||   711
         Punch             |       |     4 |    11 |    18 ||    33
  Throw: Throwing net      |       |     2 |     1 |     3 ||     6
         Large rock        |       |       |       |     9 ||     9
    Use: Scroll            |     3 |     7 |     1 |    14 ||    25
         Potion            |       |       |     1 |     4 ||     5
   Stab: Sleeping          |       |     1 |     3 |     1 ||     5
         Held in net/web   |       |       |     2 |       ||     2
         Paralysed         |       |       |     7 |    10 ||    17
 Armour: Robe              |    27 |    32 |    47 |    54 ||   160
         Steam dragon scal |       |       |       |   115 ||   115
  Dodge: Dodged            |    49 |    54 |   105 |   223 ||   431
